 Dungeon Crawl Stone Soup version 0.32-a0-135-g14f8b2e1af (webtiles) character file.

Game seed: 6943618332365304434

130 Kenran the Shooter (level 4, -1/22 HPs)
             Began as a Spriggan Hunter on Feb 10, 2024.
             Killed by nerve-wracking pain
             ... invoked by an orc priest
              (8 damage)
             ... on level 3 of the Dungeon.
             The game lasted 00:02:38 (1859 turns).

Kenran the Shooter (Spriggan Hunter)                Turns: 1859, Time: 00:02:39

Health: -1/22      AC:  4    Str:  7    XL:     4   Next: 90%
Magic:  5/5        EV: 18    Int: 10    God:
Gold:   48         SH:  0    Dex: 20    Spells: 3/3 levels left

rFire   + . .        a - +0 shortbow
rCold   + . .        (shield currently unavailable)
rNeg    . . .        k - +2 robe {rC+ rF+}
rPois   .            (helmet restricted)
rElec   .            (no cloak)
rCorr   .            (gloves unavailable)
SInv    +            (boots unavailable)
Will    .....        (no amulet)
Stlth   ++           (no ring)
HPRegen 0.23/turn    (no ring)
MPRegen 0.09/turn

%: no passive effects
@: very quick
A: very small, no large weapons, unfitting armour, see invisible, speed 3
a: no special abilities


You were on level 3 of the Dungeon.
You visited 1 branch of the dungeon, and saw 3 of its levels.

You collected 48 gold pieces.

Inventory:

Hand Weapons
 a - a +0 shortbow (weapon)
Armour
 k - a +2 robe of resistance (worn)
Scrolls
 b - a scroll of butterflies
 e - a scroll of teleportation {unknown}
 f - a scroll of enchant weapon {unknown}
 g - a scroll of identify {unknown}
 h - a scroll of enchant armour {unknown}
Potions
 d - 2 potions of might {unknown}
 i - a potion of enlightenment {unknown}
 j - a potion of brilliance {unknown}


   Skills:
 - Level 1.5 Fighting
 + Level 6.3 Ranged Weapons
 - Level 2.6 Dodging
 - Level 1.5 Stealth


You had 3 spell levels left.
You didn't know any spells.
Your spell library contained the following spells:

 Spells                   Type           Power      Damage    Failure   Level
 Summon Ice Beast         Ice/Summ       0%         N/A       75%         3
 Summon Mana Viper        Hex/Summ       0%         N/A       100%        5
 Monstrous Menagerie      Summ           0%         N/A       100%        7


Dungeon Overview and Level Annotations

Branches:
Dungeon (3/15)

Altars:


Innate Abilities, Weirdness & Mutations

You are very small and have problems with some larger weapons.
You are too small for most types of armour.
You have supernaturally acute eyesight. (SInv)
You cover ground extremely quickly. (Speed+++)


Message History

Aim: an orc priest, wielding a +0 club and wearing a +0 leather armour (lightly wounded, 65% to hit)
You shoot an arrow.
The arrow hits the orc priest but does no damage.
The orc priest is lightly wounded.
The orc priest completely misses you.
Okay, then.
Fire: a) +0 shortbow
Press: ? - help, Q - select action Shift-Dir - straight line, f/p - orc priest
Aim: an orc priest, wielding a +0 club and wearing a +0 leather armour (lightly wounded, 65% to hit)
You shoot an arrow. The arrow hits the orc priest!
The orc priest is severely wounded.
The orc priest hits you with a +0 club.
Fire: a) +0 shortbow
Press: ? - help, Q - select action Shift-Dir - straight line, f/p - orc priest
Aim: an orc priest, wielding a +0 club and wearing a +0 leather armour (severely wounded, 65% to hit)
You shoot an arrow.
The arrow closely misses the orc priest.
The orc priest hits you with a +0 club.
Fire: a) +0 shortbow
Press: ? - help, Q - select action Shift-Dir - straight line, f/p - orc priest
Aim: an orc priest, wielding a +0 club and wearing a +0 leather armour (severely wounded, 65% to hit)
You shoot an arrow.
The arrow hits the orc priest but does no damage.
The orc priest is severely wounded.
The orc priest misses you.
Fire: a) +0 shortbow
Press: ? - help, Q - select action Shift-Dir - straight line, f/p - orc priest
Aim: an orc priest, wielding a +0 club and wearing a +0 leather armour (severely wounded, 65% to hit)
You shoot an arrow. The arrow hits the orc priest.
The orc priest is almost dead.
The orc priest barely misses you.
Fire: a) +0 shortbow
Press: ? - help, Q - select action Shift-Dir - straight line, f/p - orc priest
Aim: an orc priest, wielding a +0 club and wearing a +0 leather armour (almost dead, 65% to hit)
You shoot an arrow.
The arrow completely misses the orc priest.
The orc priest hits you with a +0 club.
The orc priest invokes the aid of Beogh against you.
Pain shoots through your body!
You die...

........##.###
###.....# ..
#..).o######
#..........
#.....(####
#.[....#####
#....o.....#
#.....####.#####
#.....#
#.#..@###
#.....#
#.#...o.#
#.....#
#.#####)#
#.....#
#.o.o...#
#.....#
#########
#######


You could see an orc priest.

Vanquished Creatures
  4 gnolls (D:2)
  5 adders (D:2)
  A ribbon worm (D:2)
  3 orcs (D:3)
  5 bats
  An endoplasm (D:2)
  A giant cockroach (D:1)
  2 goblins (D:1)
  2 hobgoblins (D:1)
  6 jackals (D:2)
  4 quokkas
  3 ball pythons
  3 frilled lizards (D:2)
  2 kobolds (D:1)
  4 rats
46 creatures vanquished.

Notes
Turn   | Place    | Note
-------+----------+-------------------------------------------
     0 | D:1      | Kenran the Spriggan Hunter began the quest for the Orb.
     0 | D:1      | Reached XP level 1. HP: 10/10 MP: 2/2
   323 | D:1      | Reached XP level 2. HP: 14/14 MP: 3/3
   835 | D:2      | Found a faded altar of an unknown god.
   992 | D:2      | Reached skill level 5 in Ranged Weapons
   993 | D:2      | Reached XP level 3. HP: 14/18 MP: 4/4
  1347 | D:2      | Reached XP level 4. HP: 22/22 MP: 5/5
  1437 | D:2      | Reached skill level 6 in Ranged Weapons
  1859 | D:3      | Killed from afar by an orc priest

Illustrated notes

Levels and vault maps discovered:
D:1:      spicycebolla_green_bress_n_ham, layout_basic, minivault_23
D:2:      layout_basic, nicolae_ecumenical_pavilion
D:3:      layout_basic, xom_butterflies, mainiacjoe_overflow_brackets,
          gup_sewer_entry_bowl, serial_shops, nicolae_shop_tiny_waterfront,
          chequers_serial_rivers_small_a, palyth_stone_intersect, uniq_grinder,
          uniq_ijyb

Skill      XL: |  1  2  3  4 |
---------------+-------------+-----
Ranged Weapons | 5 6 |  6.3
Fighting       | |  1.5
Dodging        | |  2.6
Stealth        | |  1.5

Action                     |  1- 3 |  4- 6 || total
---------------------------+-------+-------++-------
   Fire: Shortbow          |   114 |    66 ||   180
 Armour: Robe              |    17 |     9 ||    26
  Dodge: Dodged            |    36 |    18 ||    54

Table legend: (Time is in decaauts)
 A = Elapsed time spent in this place.
 B = Non-inter-level travel time spent in this place.
 C = Inter-level travel time spent in this place.
 D = Time resting spent in this place.
 E = Time spent auto-exploring this place.
 F = Levels seen in this place.
 G = Mean time per level.
                   A        B        C        D        E       F      G
               +--------+--------+--------+--------+--------+-----+--------+
         Total |   1265 |   1235 |     30 |     95 |    751 |   3 |  421.7 |
       Dungeon |   1265 |   1235 |     30 |     95 |    751 |   3 |  421.7 |
               +--------+--------+--------+--------+--------+-----+--------+

Top non-repeatable levels by time:
     D:2: 646 daAuts
     D:1: 537 daAuts
     D:3: 82 daAuts
